 Dungeon Crawl Stone Soup version 0.17.0-26-gececa24 (webtiles) character file.

169 xeno23 the Cudgeler (level 5, -1/32 HPs)
             Began as a Gargoyle Fighter on Nov 20, 2015.
             Killed by divine providence
             ... invoked by an orc priest
              (12 damage)
             ... on level 4 of the Dungeon.
             The game lasted 00:10:29 (2078 turns).

xeno23 the Cudgeler (Gargoyle Fighter)              Turns: 2078, Time: 00:10:31

Health: -1/32      AC: 10    Str: 20    XL:     5   Next: 50%
Magic:  5/5        EV:  7    Int: 11    God:
Gold:   123        SH: 10    Dex:  9    Spells: 0 memorised, 4 levels left

rFire  . . .     SeeInvis .     b - +0 blowgun
rCold  + . .     Clarity  .     u - +0 scale mail
rNeg   + . .     SustAt   .     c - +1 shield
rPois  ∞         Gourm    +     (no helmet)
rElec  +         Spirit   .     (no cloak)
rCorr  .         Warding  .     (no gloves)
rMut   .         Stasis   .     (no boots)
MR     .....                    l - amulet of the gourmand
Stlth  ..........               (no ring)
                                (no ring)

@: not resistant to hostile enchantments, extremely unstealthy
A: blink, clever 1, cold resistance 1, negative energy resistance 1, electricity
resistance, unbreathing, petrification resistance, rot immunity, AC +4
a: Blink


You were on level 4 of the Dungeon.
You were not hungry.

You visited 1 branch of the dungeon, and saw 4 of its levels.

You collected 123 gold pieces.

Inventory:

Hand Weapons
 b - a +0 blowgun (weapon)
 o - a +4 mace
 w - a +0 morningstar
Missiles
 r - 5 poisoned needles (quivered)
Armour
 c - a +1 shield (worn)
 u - a +0 scale mail (worn)
Jewellery
 f - an uncursed amulet of resist mutation
 l - an amulet of the gourmand (around neck)
Scrolls
 g - 2 scrolls of magic mapping {unknown}
 h - a scroll of blinking {unknown}
 i - 2 scrolls of identify
 n - a scroll of teleportation {unknown}
 p - a scroll of fear {unknown}
 x - a scroll of remove curse
Potions
 d - 2 potions of might
 m - a potion of heal wounds
 q - a potion of agility
 s - 2 potions of haste
 t - a potion of curing
 v - a potion of lignification {unknown}
Comestibles
 a - 4 fruits
 e - 4 bread rations
 j - a meat ration
 k - a beef jerky


   Skills:
 - Level 3.3 Fighting
 + Level 5.2 Maces & Flails
 - Level 3.5 Armour
 - Level 3.5 Shields


You had 4 spell levels left.
You didn't know any spells.

Dungeon Overview and Level Annotations

Branches:
Dungeon (4/15)
 Temple: D:4-7

Altars:


Innate Abilities, Weirdness & Mutations

You are resistant to torment.
Your stone body is resilient (AC +4).
You are immune to poison.
You resist negative energy.
You are resistant to electric shocks.
You can survive without breathing.
You are immune to petrification.
You are immune to rotting.
You can translocate small distances at will.
Your mind is acute. (Int +2)
Your flesh is cold resistant.


Message History

The worker ant bites you but does no damage.
Firing (i - inventory):
r - 7 poisoned needles (quivered)
Press: ? - help, Shift-Dir - straight line, f/p - worker ant
Aim: a worker ant (lightly wounded, poisoned)
You shoot a poisoned needle.
The poisoned needle hits the worker ant!
The worker ant looks even sicker.
The worker ant is lightly wounded.
You block the worker ant's attack.
The worker ant bites you but does no damage.
Firing (i - inventory):
r - 6 poisoned needles (quivered)
Press: ? - help, Shift-Dir - straight line, f - orc priest, p - worker ant
Aim: an orc priest, wielding a falchion and wearing a scale mail (severely wounded)
You shoot a poisoned needle.
The poisoned needle hits the orc priest!
The orc priest is poisoned.
The orc priest is severely wounded.
The orc priest calls down the wrath of Beogh upon you.
Something smites you!
You die...

#(# .# #.# .#
.(. .# #(#
###.###### #.#
.(....... #(#
#........ #(#
#<# #o# #a# #o#
#@# #)# #.# #.#
#.#
#.###########>#
#..o..o.....o.#
###############


You could see a worker ant and an orc priest.

Vanquished Creatures
  An orc priest (D:4)
  Natasha (twice) (D:2)
  A worker ant (D:3)
  3 adders
  An ooze (D:3)
  A worm (D:2)
  2 giant geckos (D:2)
  4 orcs
  3 bats
  5 giant cockroaches
  5 hobgoblins
  3 ball pythons
  5 giant newts
  5 goblins
  2 jackals (D:3)
  2 kobolds
  3 rats
48 creatures vanquished.

Notes
Turn   | Place    | Note
--------------------------------------------------------------
     0 | D:1      | xeno23 the Gargoyle Fighter began the quest for the Orb.
     0 | D:1      | Reached XP level 1. HP: 14/14 MP: 1/1
   214 | D:1      | Reached XP level 2. HP: 19/19 MP: 2/2
   749 | D:2      | Reached XP level 3. HP: 20/23 MP: 3/3
   892 | D:2      | Noticed Natasha
   900 | D:2      | Killed Natasha
   948 | D:2      | Reached XP level 4. HP: 24/28 MP: 4/4
  1178 | D:2      | Gained mutation: Your flesh is cold resistant. [potion of mutation]
  1178 | D:2      | Gained mutation: Your mind is acute. (Int +2) [potion of mutation]
  1181 | D:2      | Gained mutation: You are robust (+10% HP). [potion of mutation]
  1181 | D:2      | Lost mutation: You are robust (+10% HP). [potion of mutation]
  1181 | D:2      | Gained mutation: You can translocate small distances at will. [potion of mutation]
  1249 | D:2      | Noticed Natasha
  1254 | D:2      | Killed Natasha
  1260 | D:2      | Reached skill level 4 in Maces & Flails
  1887 | D:3      | Reached XP level 5. HP: 32/32 MP: 5/5
  2059 | D:4      | Reached skill level 5 in Maces & Flails
  2078 | D:4      | Killed from afar by an orc priest

Action                   |  1- 3 |  4- 6 || total
-------------------------+-------+-------++-------
Melee: Flail             |    91 |    22 ||   113
       Unarmed           |     6 |     5 ||    11
       Mace              |       |    49 ||    49
 Fire: Blowgun           |       |    12 ||    12
 Abil: Blink             |       |     1 ||     1
  Use: Scroll            |       |     9 ||     9
       Potion            |       |     2 ||     2
  Eat: Chunk             |       |     7 ||     7
